 Dungeon Crawl Stone Soup version 0.22.0 (webtiles) character file.

42 BigChef the Poker (level 3, -2/29 HPs)
             Began as a Demonspawn Chaos Knight on Aug 29, 2018.
             Slain by a goblin
             ... wielding a +0 dagger
             ... led by Robin
              (3 damage)
             ... on level 2 of the Dungeon.
             The game lasted 00:01:56 (1236 turns).

BigChef the Poker (Demonspawn Chaos Knight)         Turns: 1236, Time: 00:01:57

Health: -2/29      AC:  7    Str: 13      XL:     3   Next: 33%
Magic:  3/3        EV: 11    Int: 13      God:    Xom [......]
Gold:   67         SH:  0    Dex: 11 (12) Spells: 2/2 levels left

rFire    . . .     SeeInvis .   a - +0 spear (chaos)
rCold    . . .     Gourm    .   (no shield)
rNeg     . . .     Faith    .   b - +2 leather armour
rPois    .         Spirit   .   (helmet restricted)
rElec    .         Reflect  .   (no cloak)
rCorr    .         Harm     .   (no gloves)
MR       .....     Rnd*Tele +   (no boots)
Stlth    +.........             (no amulet)
HPRegen  0.09/turn              d - ring of teleportation (curse)
MPRegen  0.08/turn              g - +2 ring of protection

@: no status effects
A: antennae 1, claws 1
a: Renounce Religion


You were on level 2 of the Dungeon.
You worshipped Xom.
You were a very special plaything of Xom.
You were very hungry.

You visited 1 branch of the dungeon, and saw 2 of its levels.

You collected 67 gold pieces.

Inventory:

Hand Weapons
 a - a +0 spear of chaos (weapon)
Armour
 b - a +2 leather armour (worn)
Jewellery
 d - a cursed ring of teleportation (left claw)
 e - a +4 ring of evasion {unknown}
 g - a +2 ring of protection (right claw)
Potions
 h - a potion of brilliance
Comestibles
 c - 2 rations


   Skills:
 + Level 3.2 Fighting
 + Level 3.5 Polearms
 + Level 2.1 Armour
 + Level 1.1 Dodging
 + Level 0.1 Stealth


You had 2 spell levels left.
You didn't know any spells.
Your spell library was empty.

Dungeon Overview and Level Annotations

Branches:
Dungeon (2/15)

Altars:

Annotations:
D:2 Robin


Innate Abilities, Weirdness & Mutations

You have a pair of small antennae on your head.
You have sharp fingernails.


Message History

You barely miss the goblin. The goblin hits you.
* * * LOW HITPOINT WARNING * * *
The goblin hits you but does no damage. The goblin closely misses you.
The goblin hits you but does no damage.
Okay, then.
You aren't carrying any scrolls.
You hit the goblin. You freeze the goblin.
The goblin is heavily wounded.
The goblin barely misses you. The goblin hits you with a dagger.
* * * LOW HITPOINT WARNING * * *
The goblin hits you with a dagger.
* * * LOW HITPOINT WARNING * * *
The goblin hits you but does no damage.
Unknown command.
Unknown command.
You barely miss the goblin.
The goblin is heavily wounded.
The goblin hits you but does no damage. The goblin closely misses you.
The goblin misses you. The goblin hits you with a dagger.
You die...

............g....#
........†.g.).#..#
....#.###..##g#..###
....#.# #..#.......####.
........................
....#.###..#.###.######.
....#.# #..#.###g######.
. .. ........ggg......
####.#.###@######. #.#.
#g# # #.# #.# ..# ###


You could see Robin and 4 goblins.

Vanquished Creatures
  A giant cockroach (D:1)
  9 goblins
  7 hobgoblins
  4 jackals (D:1)
  7 kobolds
  A quokka (D:2)
  3 bats (D:1)
  A frilled lizard (D:1)
  2 rats (D:1)
35 creatures vanquished.

Notes
Turn   | Place    | Note
-------+----------+-------------------------------------------
     0 | D:1      | BigChef the Demonspawn Chaos Knight began the quest for the Orb.
     0 | D:1      | Reached XP level 1. HP: 18/18 MP: 1/1
    67 | D:1      | Gained mutation: You have a pair of small antennae on your head. [demonic ancestry]
    67 | D:1      | Reached XP level 2. HP: 19/24 MP: 2/2
    82 | D:1      | Reached skill level 1 in Dodging
   493 | D:1      | XOM: harmless Summ miscast
   527 | D:1      | XOM: harmless Fire miscast
   790 | D:1      | XOM: stat loss: -1 Dex (11/12)
   803 | D:1      | XOM: polymorph leopard gecko -> hobgoblin
   807 | D:1      | Gained mutation: You have sharp fingernails. [demonic ancestry]
   807 | D:1      | Reached XP level 3. HP: 21/29 MP: 3/3
   983 | D:2      | Noticed Robin
  1235 | D:2      | HP: 1/29 [goblin/dagger[Robin] (2)]
  1236 | D:2      | Slain by a goblin

Skill      XL: |  1  2 |
---------------+-------+-----
Polearms       | 3 |  3.5
Dodging        | 1 |  1.1
Armour         | 2 |  2.1
Fighting       | |  3.2
Stealth        | |  0.1

Action                   || total
-------------------------++-------
Melee: Spear             ||   109
  Use: Scroll            ||     3
       Potion            ||     1
 Stab: Paralysed         ||     1
Armor: Leather armour    ||    58
Dodge: Dodged            ||    72
